 Dungeon Crawl Stone Soup version 0.29.1 (webtiles) character file.

Game seed: 16062080839485818847

31378 Mgcat the Severer (level 13, -2/118 HPs)
             Began as a Hill Orc Fighter on Sept 12, 2022.
             Was an Elder of Makhleb.
             Killed from afar by an ice statue (15 damage)
             ... with a bolt of cold
             ... on level 2 of the Lair of Beasts on Sept 14, 2022.
             The game lasted 00:35:20 (15943 turns).

Mgcat the Severer (Hill Orc Fighter)               Turns: 15943, Time: 00:35:21

Health: -2/118     AC: 16    Str: 32    XL:     13   Next: 57%
Magic:  20/20      EV: 10    Int:  8    God:    Makhleb [****..]
Gold:   823        SH:  6    Dex: 10    Spells: 12/12 levels left

rFire   . . .      SeeInvis .   s - +1 hand axe (elec)
rCold   + . .      Faith    .   c - +0 buckler
rNeg    . . .      Spirit   .   Q - +6 ring mail "Hero's Friend" {rElec}
rPois   +          Reflect  .   g - +1 helmet
rElec   +          Harm     .   q - scarf {shadows}
rCorr   +          Rampage  .   (no gloves)
Will    .....                   (no boots)
Stlth   ..........              L - amulet of Vitality {RegenMP++ Regen++}
HPRegen 1.89/turn               B - ring of protection from cold {rC+, !d}
MPRegen 0.97/turn               J - ring "Lyph" {rPois Will- rCorr Str+8}

@: no status effects
A: no striking features
a: Renounce Religion, Minor Destruction, Lesser Servant of Makhleb, Major
Destruction


You were on level 2 of the Lair of Beasts.
You worshipped Makhleb.
Makhleb was greatly pleased with you.
You visited 3 branches of the dungeon, and saw 14 of its levels.

You collected 823 gold pieces.

Inventory:

Hand Weapons
 a - a +0 war axe
 h - a +1 whip of venom
   (You took it off a kobold on level 9 of the Dungeon)
 s - a +1 hand axe of electrocution (weapon)
   (You took it off an orc on level 6 of the Dungeon)
 I - a +1 whip of freezing
   (You took it off Pikel on level 6 of the Dungeon)
Missiles
 D - 2 throwing nets {=f, !d}
 E - 4 curare-tipped darts
Armour
 c - a +0 buckler (worn)
 g - a +1 helmet (worn)
   (You took it off Robin on level 4 of the Dungeon)
 q - a scarf of shadows (worn)
   (You found it on level 5 of the Dungeon)
 Q - the +6 ring mail "Hero's Friend" (worn) {rElec}
   (You found it on level 2 of the Lair of Beasts)

   rElec:     It insulates you from electricity.
Jewellery
 o - a +6 ring of strength
   (You found it on level 2 of the Lair of Beasts)
 B - a ring of protection from cold (left hand) {rC+, !d}
   (You found it on level 7 of the Dungeon)
 J - the ring "Lyph" (right hand) {rPois Will- rCorr Str+8}
   (You found it on level 9 of the Dungeon)

   [ring of resist corrosion]

   Str:       It affects your strength (+8).
   rPois:     It protects you from poison.
   rCorr:     It protects you from acid and corrosion.
   Will:      It decreases your willpower.
 L - the amulet of Vitality (around neck) {RegenMP++ Regen++}
   (You found it on level 9 of the Dungeon)

   [amulet of magic regeneration]

   It increases your rate of magic regeneration.
   Regen:     It increases your rate of health regeneration.
Wands
 d - a wand of digging (4)
   (You found it on level 10 of the Dungeon)
 f - a wand of charming (10)
   (You found it on level 5 of the Dungeon)
Scrolls
 b - a scroll of brand weapon {unknown}
 e - 2 scrolls of blinking {!r}
 i - 2 scrolls of summoning {unknown}
 k - a scroll of vulnerability {!r!r}
 l - a scroll of acquirement {unknown}
 n - 2 scrolls of immolation {unknown}
 r - a scroll of amnesia {unknown}
 u - 2 scrolls of butterflies {unknown}
 y - a scroll of fear {unknown}
 C - 2 scrolls of enchant weapon {unknown}
 H - 4 scrolls of teleportation
 N - a scroll of magic mapping {unknown}
 O - 2 scrolls of identify
Potions
 j - 3 potions of mutation {unknown}
 m - 2 potions of lignification {!q}
 p - 3 potions of flight
 t - a potion of cancellation
 v - 2 potions of degeneration {unknown}
 w - 3 potions of attraction {!q}
 x - a potion of berserk rage {unknown}
 z - 2 potions of resistance {unknown}
 A - a potion of magic {unknown}
 F - 3 potions of curing
 G - 3 potions of brilliance
 K - a potion of haste
 M - a potion of might
 P - a potion of ambrosia


   Skills:
 + Level 12.0 Fighting
 * Level 17.6 Axes
 + Level 11.1 Armour
 + Level 11.1 Shields
 + Level 10.5 Invocations


You had 12 spell levels left.
You didn't know any spells.
Your spell library contained the following spells:

 Spells                   Type           Power      Damage    Failure   Level
 Foxfire                  Conj/Fire      0%         2x1d4     56%         1
 Magic Dart               Conj           0%         1d3       56%         1
 Necrotise                Necr           0%         1d4       56%         1
 Sting                    Tmut/Pois      0%         1d3       56%         1
 Summon Small Mammal      Summ           0%         N/A       56%         1
 Ensorcelled Hibernation  Hex/Ice        0%         N/A       71%         2
 Passwall                 Tmut/Erth      0%         N/A       71%         2
 Poisonous Vapours        Pois/Air       0%         N/A       71%         2
 Conjure Flame            Conj/Fire      0%         6-21      90%         3
 Inner Flame              Hex/Fire       0%         N/A       90%         3
 Ozocubu's Armour         Ice            0%         N/A       90%         3
 Spider Form              Tmut/Pois      0%         N/A       90%         3
 Swiftness                Air            0%         N/A       90%         3
 Vampiric Draining        Necr           0%         2d6       90%         3
 Anguish                  Hex/Necr       0%         N/A       100%        4
 Flame Wave               Conj/Fire      0%         2d4       100%        4
 Olgreb's Toxic Radiance  Pois           0%         N/A       100%        4
 Agony                    Necr           0%         N/A       100%        5
 Fireball                 Conj/Fire      0%         3d3       100%        5
 Iskenderun's Battlesphe  Conj           0%         2d6       100%        5
 Summon Mana Viper        Hex/Summ       0%         N/A       100%        5
 Conjure Ball Lightning   Conj/Air       0%         3x3d6     100%        6
 Iron Shot                Conj/Erth      0%         9d1       100%        6
 Orb of Destruction       Conj           0%         9d5       100%        7
 Ozocubu's Refrigeration  Ice            0%         4d7       100%        7
 Summon Hydra             Summ           0%         N/A       100%        7


Dungeon Overview and Level Annotations

Branches:
Dungeon (11/15)            Temple (1/1) D:7            Lair (2/5) D:11
 Spider (0/4) Lair:2
  Swamp: Lair:2-3    Shoals: Lair:2-3       Orc: D:9-12

Altars:
Ashenzari
Cheibriados
Dithmenos
Elyvilon
Fedhas
Gozag
Hepliaklqana
Kikubaaqudgha
Makhleb
Nemelex Xobeh
Okawaru
Qazlal
Ru
Sif Muna
Trog
Uskayaw
Vehumet
Wu Jian
Xom
Yredelemnul
Zin
The Shining One

Shops:
D:9 :

Annotations:
Lair:2 exclusion: ice statue


Message History

You are engulfed in freezing vapours.
The ice beast barely misses you. The ice statue gestures at you.
The freezing blast misses you.
You take 5 damage, and have 72/118 hp.
Lua error: [string "/dgldir/rcfiles/crawl-0.29/Mgcat.rc"]:930: invalid capture index You're wearing all the rings you can.
Remove which one? (? for menu, Esc to cancel) < or
o - a +6 ring of strength > or
J - the ring "Lyph" {rPois Will- rCorr Str+8} You remove your +6 ring of strength.
You feel weaker. The ice beast hits you. The ice beast freezes you!
B - a ring of protection from cold (left hand) {rC+, !d} The ice beast completely misses you.
You take 11 damage, and have 61/118 hp.
You hit the ice statue but do no damage.
The ice statue is lightly damaged.
You hit the ice beast. x2; The ice beast hits you.
The ice beast freezes you. You resist.
You take 6 damage, and have 55/118 hp.
You slash the ice statue!
The ice statue is moderately damaged.
You hit the ice beast. x2
The ice beast hits you but does no damage.
The ice statue gestures at you. The shard of ice hits you.
You block the ice beast's attack.
You take 1 damage, and have 54/118 hp.
You hit the ice statue but do no damage.
The ice statue is moderately damaged.
You hit the ice beast but do no damage. You barely miss the ice beast.
The ice beast closely misses you.
You hit the ice statue but do no damage.
The ice statue is moderately damaged.
You slash the ice beast! You closely miss the ice beast.
The ice statue gestures at you. The freezing blast engulfs you! You resist.
The ice beast hits you but does no damage.
You take 13 damage, and have 42/118 hp.
You slash the ice statue!
The ice statue is heavily damaged.
You slash the ice beast!
Lightning courses through the ice beast!
You kill the ice beast!
The ice beast disappears in a puff of smoke!
You hit the ice beast.
You are engulfed in freezing vapours.
You resist.
The ice beast hits you but does no damage.
You take 2 damage, and have 40/118 hp.
You slash the ice statue!
The ice statue is severely damaged.
You hit the ice beast.
You are engulfed in freezing vapours.
You resist.
You take 3 damage, and have 37/118 hp.
You hit the ice statue but do no damage.
The ice statue is severely damaged.
You hit the ice beast.
You are engulfed in freezing vapours.
You resist.
* * * LOW HITPOINT WARNING * * *
The ice statue gestures.
The ice beast barely misses you.
You take 3 damage, and have 34/118 hp.
You hit the ice statue but do no damage.
The ice statue is severely damaged.
You hit the ice beast.
You are engulfed in freezing vapours.
You resist.
* * * LOW HITPOINT WARNING * * *
You take 4 damage, and have 30/118 hp.
You slash the ice statue!
The ice statue is almost destroyed.
You slash the ice beast!
You are engulfed in freezing vapours.
You resist.
* * * LOW HITPOINT WARNING * * *
The ice beast hits you but does no damage.
You take 1 damage, and have 29/118 hp.
You completely miss the ice statue.
The ice statue is almost destroyed.
You closely miss the ice beast.
You are engulfed in freezing vapours.
You resist.
* * * LOW HITPOINT WARNING * * *
The ice statue gestures at you. The freezing blast engulfs you! You resist.
* * * LOW HITPOINT WARNING * * *
You block the ice beast's attack.
You take 17 damage, and have 12/118 hp.
You hit the ice statue but do no damage.
The ice statue is almost destroyed.
You slash the ice beast!
Lightning courses through the ice beast!
You kill the ice beast!
The ice beast disappears in a puff of smoke!
You are engulfed in freezing vapours.
You resist.
* * * LOW HITPOINT WARNING * * *
You take 1 damage, and have 11/118 hp.
You hit the ice statue but do no damage.
The ice statue is almost destroyed.
You hit the ice beast but do no damage.
The ice statue gestures.
The ice beast hits you but does no damage.
You hit the ice statue.
The ice statue is almost destroyed.
You slash the ice beast!
Lightning courses through the ice beast!
The ice statue gestures at you. The bolt of cold hits you! You resist.
You die...

.....#..........##..##.P# ##.
....#...P#......##~....##### #..
#......~~~~~~~~~~~~~...P##~# #..
#.#.~~~~~~~~~~~~~~~~~~~##~#####..
.~~~~~~~~≈~≈≈~~~~≈~~~~~~~~~~P#...
~~~~≈~~.~~......~...~≈≈≈~~~~~~~..
≈≈~~.~~.........Y....~~~≈≈≈≈~~~~#
≈.~~.........∩..°Y°......~.~~≈~~~
~≈.......8.:$))$@8°.........≈≈≈~~
###############################≈≈
###


You could see an ice statue and 2 ice beasts.

Vanquished Creatures
  Gastronok (Lair:1)
  A hydra (D:9)
  A catoblepas (D:9)
  3 two-headed ogres
  2 centaur warriors
  9 death yaks
  Amaemon (Lair:1)
  A deep elf pyromancer (D:9)
  Pikel (D:6)
  2 manticores
  An ugly thing (D:9)
  3 cyclopes
  Maurice (D:10)
  Joseph (D:7)
  2 gargoyles
  Maggie (D:7)
  4 cane toads
  A rime drake (Lair:2)
  A komodo dragon (Lair:2)
  An orange demon (Lair:1)
  An anaconda simulacrum (Lair:2)
  3 polar bears (Lair:2)
  A troll (D:9)
  A hornet (D:8)
  4 jumping spiders (Lair:2)
  A culicivora (Lair:2)
  A wyvern (Lair:1)
  22 yaks
  A vampire (D:8)
  3 wraiths
  Eustachio (D:4)
  4 vampire mosquitoes (D:11)
  2 steam dragons
  2 redbacks (Lair:2)
  Edmund (D:4)
  2 water moccasins
  5 acid dragons
  5 orc warriors
  A black bear (D:5)
  A sky beast (D:8)
  4 ice beasts
  A wolf (Lair:2)
  An ogre (D:7)
  A centaur (D:10)
  A lemure (D:6)
  A phantom (D:5)
  3 kobold brigands
  10 bullfrogs
  3 scorpions
  A necrophage (D:5)
  A wight (D:9)
  15 killer bees
  3 howler monkeys (D:7)
  3 hounds
  4 orc priests
  3 gnoll boudas
  8 orc wizards
  5 iguanas
  A troll simulacrum (Lair:2)
  A wolf simulacrum (Lair:2)
  Robin (D:4)
  5 adders
  15 gnolls
  A naga simulacrum (Lair:2)
  2 shadow imps (D:5)
  2 white imps
  An ufetubus (D:4)
  2 worms
  28 orcs
  2 bats
  4 endoplasms
  A giant cockroach (D:3)
  13 goblins
  5 hobgoblins
  8 jackals
  14 kobolds
  2 quokkas (D:1)
  10 ball pythons
  A frilled lizard (D:3)
  6 rats
  4 toadstools (D:1)
297 creatures vanquished.

Vanquished Creatures (collateral kills)
  A death yak (D:11)
  A bog body (Lair:2)
  A rime drake (Lair:2)
  An ice devil (Lair:2)
  A yak (Lair:2)
  A wolf (Lair:2)
  A wolf simulacrum (Lair:2)
7 creatures vanquished.

Vanquished Creatures (others)
  A human (D:6)
  A wolf (Lair:2)
  An orc (D:7)
  7 plants
10 creatures vanquished.

Grand Total: 314 creatures vanquished

Notes
Turn   | Place    | Note
-------+----------+-------------------------------------------
     0 | D:1      | Mgcat the Hill Orc Fighter began the quest for the Orb.
     0 | D:1      | Reached XP level 1. HP: 19/19 MP: 1/1
   120 | D:1      | Found a faded altar of an unknown god.
   246 | D:1      | Reached skill level 3 in Axes
   345 | D:1      | Reached XP level 2. HP: 25/27 MP: 2/2
   478 | D:1      | Got the Grimoire of the Barrage and the Swarm
   886 | D:2      | Reached skill level 4 in Fighting
   886 | D:2      | Reached XP level 3. HP: 27/33 MP: 3/3
  1949 | D:3      | Reached skill level 4 in Axes
  2078 | D:3      | Reached XP level 4. HP: 40/40 MP: 4/4
  2654 | D:4      | Reached skill level 4 in Armour
  2654 | D:4      | Reached skill level 4 in Shields
  2654 | D:4      | Reached XP level 5. HP: 37/47 MP: 5/5
  2772 | D:4      | Noticed Robin
  2785 | D:4      | Killed Robin
  2963 | D:4      | Reached skill level 5 in Axes
  3010 | D:4      | Found a white marble altar of Elyvilon.
  3041 | D:4      | Noticed Edmund
  3071 | D:4      | Killed Edmund
  3072 | D:4      | Reached XP level 6. HP: 55/55 MP: 6/6
  3626 | D:4      | Noticed Eustachio
  3641 | D:4      | Killed Eustachio
  3642 | D:4      | Reached skill level 5 in Fighting
  3642 | D:4      | Reached skill level 6 in Axes
  3642 | D:4      | Reached XP level 7. HP: 47/61 MP: 7/7
  3750 | D:5      | Entered Level 5 of the Dungeon
  3826 | D:5      | Reached skill level 5 in Shields
  3831 | D:4      | Reached skill level 5 in Armour
  4039 | D:5      | Reached skill level 7 in Axes
  4320 | D:5      | Reached XP level 8. HP: 63/70 MP: 8/8
  4437 | D:5      | Found a glowing golden altar of the Shining One.
  4437 | D:5      | Found a stormy altar of Qazlal.
  4480 | D:5      | Reached skill level 6 in Fighting
  4480 | D:5      | Reached skill level 8 in Axes
  4533 | D:5      | Found a bloodstained altar of Trog.
  4986 | D:6      | Noticed Pikel
  5011 | D:6      | Killed Pikel
  5012 | D:6      | Reached skill level 7 in Fighting
  5012 | D:6      | Reached skill level 9 in Axes
  5012 | D:6      | Reached skill level 6 in Armour
  5012 | D:6      | Reached skill level 6 in Shields
  5012 | D:6      | Reached XP level 9. HP: 66/79 MP: 9/9
  5392 | D:6      | Found an ancient bone altar of Kikubaaqudgha.
  5708 | D:7      | Reached skill level 10 in Axes
  5890 | D:7      | Found a staircase to the Ecumenical Temple.
  5898 | Temple   | Entered the Ecumenical Temple
  6191 | Temple   | Became a worshipper of Makhleb the Destroyer
  6534 | D:7      | Reached skill level 1 in Invocations
  6611 | D:7      | Reached skill level 7 in Armour
  6641 | D:7      | Reached skill level 7 in Shields
  6676 | D:7      | Noticed Joseph
  6701 | D:7      | Killed Joseph
  6702 | D:7      | Reached skill level 11 in Axes
  6702 | D:7      | Reached skill level 2 in Invocations
  6810 | D:7      | Reached skill level 8 in Fighting
  6820 | D:7      | Noticed Maggie
  6828 | D:7      | Killed Maggie
  6829 | D:7      | Reached skill level 3 in Invocations
  6829 | D:7      | Reached XP level 10. HP: 54/88 MP: 12/12
  7016 | D:8      | Reached * piety under Makhleb
  7295 | D:8      | Reached skill level 4 in Invocations
  7304 | D:8      | Reached skill level 12 in Axes
  7488 | D:8      | Found a radiant altar of Vehumet.
  7636 | D:8      | Noticed a two-headed ogre
  7646 | D:8      | Killed a two-headed ogre
  7647 | D:8      | Reached skill level 8 in Armour
  7647 | D:8      | Reached skill level 8 in Shields
  8075 | D:9      | Reached skill level 5 in Invocations
  8085 | D:9      | Reached ** piety under Makhleb
  8090 | D:9      | Reached skill level 9 in Fighting
  8111 | D:9      | Noticed a deep elf pyromancer
  8112 | D:9      | Noticed a cyan ugly thing
  8112 | D:9      | Noticed a catoblepas
  8112 | D:9      | Noticed a centaur warrior
  8112 | D:9      | Noticed a cyclops
  8112 | D:9      | Found the amulet of Vitality {RegenMP++ Regen++}
  8112 | D:9      | Noticed a gargoyle
  8113 | D:9      | Noticed a centaur warrior
  8160 | D:9      | HP: 18/88 [catoblepas (12)]
  8161 | D:9      | HP: 4/88 [catoblepas (15)]
  8176 | D:9      | Reached skill level 13 in Axes
  8340 | D:8      | Reached XP level 11. HP: 77/97 MP: 15/15
  8468 | D:9      | Reached skill level 6 in Invocations
  8485 | D:9      | Killed a centaur warrior
  8538 | D:9      | Killed a cyclops
  8749 | D:9      | Found Etompoq's Self-Improvement Boutique.
  8750 | D:9      | Noticed a five-headed hydra
  8800 | D:9      | Killed a deep elf pyromancer
  9115 | D:8      | HP: 16/97 [centaur warrior/staff of death (9)]
  9123 | D:8      | HP: 13/97 [centaur warrior/arrow (5)]
  9216 | D:8      | Killed a centaur warrior
  9297 | D:9      | Reached skill level 14 in Axes
  9580 | D:9      | Reached skill level 9 in Armour
  9580 | D:9      | Reached skill level 9 in Shields
  9718 | D:9      | Killed a catoblepas
  9719 | D:9      | Reached skill level 7 in Invocations
 10005 | D:9      | Identified the ring "Lyph" {rPois Will- rCorr Str+8}
 10007 | D:9      | Identified the +0 ring mail "Tojant" {rC- rCorr Int+6
                  | Dex+8}
 10040 | D:9      | Reached *** piety under Makhleb
 10171 | D:9      | Noticed a manticore
 10183 | D:9      | Killed a manticore
 10184 | D:9      | Reached skill level 10 in Fighting
 10470 | D:9      | Found Etompoq's Self-Improvement Boutique.
 10520 | D:9      | HP: 20/99 [five-headed hydra (6)]
 10525 | D:9      | HP: 13/99 [five-headed hydra (4)]
 10526 | D:9      | HP: 5/99 [five-headed hydra (8)]
 10529 | D:9      | Killed a five-headed hydra
 11134 | D:9      | Killed a cyan ugly thing
 11666 | D:10     | Entered Level 10 of the Dungeon
 12068 | D:10     | Noticed a two-headed ogre
 12087 | D:10     | Killed a two-headed ogre
 12088 | D:10     | Reached skill level 15 in Axes
 12088 | D:10     | Reached XP level 12. HP: 53/107 MP: 17/17
 12144 | D:10     | Reached skill level 8 in Invocations
 12199 | D:10     | Noticed Maurice
 12224 | D:10     | Killed Maurice
 12648 | D:11     | Noticed a death yak
 12648 | D:11     | Noticed a death yak
 13082 | D:11     | Noticed a death yak
 13082 | D:11     | Noticed a death yak
 13082 | D:11     | Noticed a death yak
 13086 | D:11     | Noticed a death yak
 13087 | D:11     | Noticed a death yak
 13093 | D:11     | Noticed a death yak
 13094 | D:11     | Killed a death yak
 13110 | D:11     | Killed a death yak
 13122 | D:11     | Killed a death yak
 13122 | D:11     | Killed a death yak
 13123 | D:11     | Reached skill level 10 in Armour
 13123 | D:11     | Reached skill level 10 in Shields
 13135 | D:11     | Killed a death yak
 13136 | D:11     | Killed a death yak
 13137 | D:11     | Reached skill level 11 in Fighting
 13137 | D:11     | Reached skill level 16 in Axes
 13137 | D:11     | Reached skill level 9 in Invocations
 13140 | D:11     | Killed a death yak
 13146 | D:11     | Killed a death yak
 13204 | D:11     | Found a staircase to the Lair.
 13226 | D:11     | Noticed a two-headed ogre
 13237 | D:11     | Killed a two-headed ogre
 13891 | Lair:1   | Entered Level 1 of the Lair of Beasts
 14023 | Lair:1   | Reached XP level 13. HP: 96/116 MP: 20/20
 14064 | Lair:1   | You fall into a shaft and drop 1 floor!
 14283 | Lair:2   | Reached skill level 17 in Axes
 14287 | Lair:2   | Reached skill level 10 in Invocations
 14450 | Lair:1   | Noticed Amaemon
 14472 | Lair:1   | Killed Amaemon
 14472 | Lair:1   | Reached **** piety under Makhleb
 14694 | Lair:1   | Noticed Gastronok
 14710 | Lair:1   | Killed Gastronok
 14735 | Lair:1   | Reached skill level 11 in Armour
 15005 | Lair:2   | Reached skill level 11 in Shields
 15191 | Lair:2   | Identified the +6 ring mail "Hero's Friend" {rElec}
 15237 | Lair:2   | Reached skill level 12 in Fighting
 15533 | Lair:2   | Found a hole to the Spider Nest.
 15938 | Lair:2   | HP: 29/118 [ice statue] (5)]
 15940 | Lair:2   | HP: 12/118 [ice statue/freezing blast (13)]
 15943 | Lair:2   | Killed from afar by an ice statue

Illustrated notes

Levels and vault maps discovered:
D:1:      ldierk_water_garden, layout_basic, dreamdust_ecumenical_altar_grove,
          serial_curves, eino_curves_03, eino_curves_04, st_stairs_9,
          minivault_14
D:2:      layout_loops_ring
D:3:      layout_basic, minivault_11, hangedman_decor_diamond_cutter
D:4:      layout_loops_ring, elyvilon_altar_1, kennysheep_generic_room_12,
          uniq_edmund, uniq_eustachio, uniq_robin
D:5:      layout_loops_ring, gammafunk_temple_overflow_forgotten
D:6:      layout_basic, tgw_kikubaaqudgha, minivault_1, uniq_pikel
D:7:      layout_basic, temple_hall, kennysheep_minor_cross,
          minmay_quadrilaterals, uniq_joseph, uniq_maggie
D:8:      layout_loops_corners, nicolae_vehumet_radiance
D:9:      minmay_the_grid_triangle_9x9_recursive_2
          [minmay_the_grid_triangle_9x9_prize_insulated,
          minmay_the_grid_triangle_9x9_pentomino_pain,
          minmay_the_grid_triangle_9x9_thin_v,
          minmay_the_grid_triangle_9x9_zippers_horizontal], layout_loops_ring,
          grunt_decor_mini_mirrors, nicolae_shop_self_help
D:10:     layout_gridville, uniq_maurice
D:11:     layout_grid_maze, dpeg_lair_monsters
Temple:   minmay_temple_bridge_d
Lair:1:   layout_loops_ring, uniq_gastronok, uniq_amaemon
Lair:2:   dreamdust_isle_of_ice, layout_gridlike,
          nicolae_spider_entry_tight_spaces, lemuel_fruit_tree,
          infiniplex_staircase_pool_2

Skill      XL: |  1  2  3  4  5  6  7  8  9 10 11 12 13 |
---------------+----------------------------------------+-----
Axes           | 3 4 5 6 7 9 11 13 15 16 17 | 17.6
Fighting       | 4 5 7 8 9 10 11 12 | 12.0
Armour         | 4 5 6 7 8 9 10 11 | 11.1
Shields        | 4 5 6 7 8 9 10 11 | 11.1
Invocations    | 3 5 7 9 10 | 10.5

Action                   |  1- 3 |  4- 6 |  7- 9 | 10-12 | 13-15 || total
-------------------------+-------+-------+-------+-------+-------++-------
Melee: War axe           |   118 |   106 |   132 |     1 |       ||   357
       Unarmed           |       |     6 |       |       |       ||     6
       Hand axe          |       |       |   166 |   668 |   223 ||  1057
       Whip              |       |       |       |    26 |       ||    26
Invok: Minor Destruction |       |       |       |     6 |       ||     6
       Lesser Servant of |       |       |       |     3 |     2 ||     5
Evoke: Wand              |       |       |     2 |     9 |       ||    11
  Use: Potion            |       |     6 |     3 |     7 |       ||    16
       Scroll            |       |     2 |     1 |    12 |     1 ||    16
 Stab: Invisible         |       |       |       |     5 |       ||     5
Armor: Scale mail        |    66 |       |       |       |       ||    66
       Plate armour      |    12 |    82 |   140 |   348 |    74 ||   656
       Skin              |       |     4 |       |    45 |       ||    49
       Ring mail         |       |       |       |       |    28 ||    28
Dodge: Dodged            |    49 |    24 |    67 |   178 |    66 ||   384
Block: Buckler           |    32 |    24 |    48 |   148 |    61 ||   313

Table legend: (Time is in decaauts)
 A = Elapsed time spent in this place.
 B = Non-inter-level travel time spent in this place.
 C = Inter-level travel time spent in this place.
 D = Time resting spent in this place.
 E = Time spent auto-exploring this place.
 F = Levels seen in this place.
 G = Mean time per level.
                   A        B        C        D        E       F      G
               +--------+--------+--------+--------+--------+-----+--------+
         Total |  15736 |  14573 |   1163 |   2203 |   9762 |  14 | 1124.0 |
       Dungeon |  13351 |  12371 |    980 |   2170 |   7937 |  11 | 1213.7 |
        Temple |    364 |    220 |    144 |      0 |    209 |   1 |  364.0 |
          Lair |   2020 |   1982 |     38 |     33 |   1616 |   2 | 1010.0 |
               +--------+--------+--------+--------+--------+-----+--------+

Top non-repeatable levels by time:
     D:9: 2832 daAuts
     D:8: 1273 daAuts
     D:5: 1271 daAuts
  Lair:2: 1221 daAuts
     D:4: 1207 daAuts
    D:11: 1165 daAuts
     D:7: 1154 daAuts
     D:1: 960 daAuts
     D:3: 952 daAuts
    D:10: 935 daAuts
     D:6: 857 daAuts
  Lair:1: 799 daAuts
     D:2: 741 daAuts
  Temple: 364 daAuts

Table legend:
 A = Kills in this place as a percentage of kills in entire the game.
 B = Kills by you in this place as a percentage of kills by you in the entire game.
 C = Kills by friends in this place as a percentage of kills by friends in the entire game.
 D = Other kills in this place as a percentage of other kills in the entire game.
 E = Experience gained in this place as a percentage of experience gained in the entire game.
 F = Experience gained in this place divided by the number of levels of this place that you have seen.
                   A       B       C       D       E      F
               +-------+-------+-------+-------+-------+----------------------
         Total | 100.0 | 100.0 | 100.0 | 100.0 | 100.0 | 3201.9
       Dungeon |  85.3 |  87.3 |  14.3 |   0.0 |  70.6 | 2877.5
          Lair |  14.7 |  12.7 |  85.7 | 100.0 |  29.4 | 6587.0
               +-------+-------+-------+-------+-------+----------------------
